 Dungeon Crawl Stone Soup version 0.29.1-2-gbd0b4ee654 (webtiles) character file.

Game seed: 7576475117484343315

242 BlackCrag the Grave Robber (level 5, -15/32 HPs)
             Began as a Vampire Necromancer on Oct 23, 2022.
             Demolished by caveywoolpert's ghost (16 damage)
             ... on level 3 of the Dungeon.
             The game lasted 00:39:48 (2670 turns).

BlackCrag the Grave Robber (Vampire Necromancer)    Turns: 2670, Time: 00:39:49

Health: -15/32     AC:  4    Str: 11    XL:     5   Next: 82%
Magic:  19/19      EV: 12    Int: 19    God:
Gold:   118        SH:  0    Dex: 15    Spells: 1/11 levels left

rFire   . . .      SeeInvis +   n - +9 hand axe "Ziothuga" {venom, Str+4 Stlth-}
rCold   + . .      Faith    .   (no shield)
rNeg    . . .      Spirit   .   i - +2 robe {rC+}
rPois   .          Reflect  .   (no helmet)
rElec   .          Harm     .   (no cloak)
rCorr   .          Rampage  .   (no gloves)
Will    .....                   (no boots)
Stlth   +.........              (no amulet)
HPRegen 0.30/turn               m - ring of magical power
MPRegen 0.16/turn               (no ring)

@: healing quickly
A: alive, fangs 3, see invisible, vampiric 2, [frail 1]
a: Exsanguinate


You were on level 3 of the Dungeon.
You visited 1 branch of the dungeon, and saw 4 of its levels.

You collected 118 gold pieces.

Inventory:

Hand Weapons
 c - a +0 dagger
 n - the +9 hand axe "Ziothuga" (weapon) {venom, Str+4 Stlth-}
   (You found it on level 2 of the Dungeon)

   It poisons the flesh of those it strikes.
   Str:       It affects your strength (+4).
   Stlth:     It makes you less stealthy.
 o - the +3 woodcutter's axe {vorpal}
   (You found it on level 2 of the Dungeon)

   It inflicts extra damage upon your enemies.
Missiles
 j - a throwing net
Armour
 i - a +2 robe of cold resistance (worn)
Jewellery
 m - a ring of magical power (left hand)
Scrolls
 d - a scroll of identify {unknown}
 e - a scroll of enchant weapon {unknown}
 f - a scroll of vulnerability {unknown}
 p - a scroll of summoning {unknown}
 q - a scroll of amnesia {unknown}
 r - a scroll of immolation {unknown}
 s - a scroll of noise {unknown}
 t - a scroll of teleportation {unknown}
Potions
 a - 2 potions of curing {unknown}
 b - a potion of magic
 g - a potion of degeneration {unknown}
 h - a potion of mutation {unknown}
 k - a potion of might {unknown}
 l - a potion of brilliance {unknown}


   Skills:
 + Level 0.3 Fighting
 + Level 0.3 Short Blades
 + Level 2.2 Dodging
 + Level 3.4 Stealth
 + Level 3.5 Spellcasting
 + Level 6.6 Necromancy


You had one spell level left.
You knew the following spells:

 Your Spells              Type           Power      Damage    Failure   Level
a - Necrotise             Necr           100%       1d9       1%          1
b - Vampiric Draining     Necr           28%        2d8       2%          3
c - Sublimation of Blood  Necr           28%        N/A       1%          2
d - Animate Dead          Necr           28%        N/A       10%         4

Your spell library contained the following spells:

 Spells                   Type           Power      Damage    Failure   Level
 Freeze                   Ice            12%        1d4       14%         1
 Shock                    Conj/Air       12%        1d3       14%         1
 Agony                    Necr           28%        N/A       26%         5
 Frozen Ramparts          Ice            6%         1d1       41%         3
 Swiftness                Air            3%         N/A       41%         3
 Airstrike                Air            1%         2d(1-17)  82%         4
 Hailstorm                Conj/Ice       3%         3d3       82%         4
 Petrify                  Tmut/Erth      3%         N/A       82%         4
 Irradiate                Conj/Tmut      1%         3d12      99%         5


Dungeon Overview and Level Annotations

Branches:
Dungeon (4/15)
 Temple: D:4-7

Altars:
Makhleb
Sif Muna
Xom
Yredelemnul

Annotations:
D:3 caveywoolpert's ghost, amateur HOFi


Innate Abilities, Weirdness & Mutations

Your natural rate of healing is accelerated.
You have razor-sharp teeth.
You have supernaturally acute eyesight. (SInv)
You are afflicted with vampirism and can become a bat while bloodless.
[You are frail. (-10% HP)]


Message History

[Y]es or [N]o only, please.
That beam is likely to hit you.
Continue anyway?
Okay, then.
You hit caveywoolpert's ghost.
Caveywoolpert's ghost is lightly damaged.
Caveywoolpert's ghost closely misses you.
You hit caveywoolpert's ghost. Your bite misses caveywoolpert's ghost.
Caveywoolpert's ghost is moderately damaged.
Caveywoolpert's ghost hits you!
Ouch! That really hurt!
Casting: Necrotise (safe; 1% risk of failure)
Confirm with . or Enter, or press ? or * to list all spells.
You can't see any susceptible monsters within range! (Use Z to cast anyway.)
You hit caveywoolpert's ghost.
Caveywoolpert's ghost is heavily damaged.
Caveywoolpert's ghost barely misses you.
Caveywoolpert's ghost hits you.
* * * LOW HITPOINT WARNING * * *
You closely miss caveywoolpert's ghost.
Your punch misses caveywoolpert's ghost.
Caveywoolpert's ghost is heavily damaged.
Caveywoolpert's ghost barely misses you.
You barely miss caveywoolpert's ghost. Your bite misses caveywoolpert's ghost.
Caveywoolpert's ghost is heavily damaged.
Caveywoolpert's ghost barely misses you.
You barely miss caveywoolpert's ghost.
Caveywoolpert's ghost is heavily damaged.
Caveywoolpert's ghost hits you!
* * * LOW HITPOINT WARNING * * *
Caveywoolpert's ghost hits you.
* * * LOW HITPOINT WARNING * * *
You hit caveywoolpert's ghost.
You bite caveywoolpert's ghost, but do no damage.
Caveywoolpert's ghost is heavily damaged.
Caveywoolpert's ghost barely misses you.
You barely miss caveywoolpert's ghost.
Caveywoolpert's ghost is heavily damaged.
Caveywoolpert's ghost hits you!
Ouch! That really hurt!
You die...

#.#####.# #..### #### #.#
#.########..### ...#
#.#####.............. ##.#
#.##.........##...... #.#
#.##....###...##...## #.#
########.##...##⌠##...#..## #.#
#......#.....##...##.....###
##.###.####.##...##..!..##.......
#...##.## #.##..@W...♣..⌠#..#+###
#.#.....# #.##...##..?..##.....##
#...##>)###.##....##...##.......#
####........##.....##⌠##.........
####........#####...###..........
'................................
####....###.######......#........
# #..#.# #.# ##.##...........
#.##.# #.# #.#######.....#


You could see caveywoolpert's ghost.

Vanquished Creatures
  A gnoll sergeant (D:2)
  8 gnolls
  4 adders
  2 worms (D:2)
  A dart slug (D:3)
  4 orcs (D:3)
  4 bats
  3 endoplasms
  A giant cockroach (D:1)
  6 goblins
  7 hobgoblins
  2 quokkas (D:1)
  5 ball pythons
  3 kobolds
  4 rats
55 creatures vanquished.

Vanquished Creatures (collateral kills)
  An orc (D:3)
  An endoplasm (D:1)
  A hobgoblin (D:1)
  A ball python (D:1)
  3 frilled lizards
  A goblin (D:1)
8 creatures vanquished.

Vanquished Creatures (others)
  4 gnoll zombies (D:3)
  A plant (D:3)
5 creatures vanquished.

Grand Total: 68 creatures vanquished

Notes
Turn   | Place    | Note
-------+----------+-------------------------------------------
     0 | D:1      | BlackCrag the Vampire Necromancer began the quest for the
                  | Orb.
     0 | D:1      | Reached XP level 1. HP: 13/13 MP: 3/3
    98 | D:1      | Reached XP level 2. HP: 19/19 MP: 0/5
   174 | D:1      | Found a faded altar of an unknown god.
   207 | D:1      | Reached skill level 5 in Necromancy
   556 | D:2      | Found a basalt altar of Yredelemnul.
   603 | D:2      | Gained mutation: You are afflicted with vampirism and can
                  | become a bat while bloodless. [Vampire growth]
   603 | D:2      | Reached XP level 3. HP: 12/24 MP: 0/6
   629 | D:2      | Learned a level 3 spell: Vampiric Draining
  1167 | D:2      | Learned a level 2 spell: Sublimation of Blood
  1177 | D:2      | Reached XP level 4. HP: 18/27 MP: 5/8
  1289 | D:2      | Noticed a gnoll sergeant
  1289 | D:2      | Found the +3 woodcutter's axe {vorpal}
  1292 | D:2      | Identified the +9 hand axe "Ziothuga" {venom, Str+4 Stlth-}
  1318 | D:2      | Killed a gnoll sergeant
  1319 | D:2      | Reached skill level 6 in Necromancy
  1319 | D:2      | Reached XP level 5. HP: 21/32 MP: 9/9
  1371 | D:2      | Learned a level 4 spell: Animate Dead
  1545 | D:3      | Found a burning altar of Makhleb.
  1547 | D:3      | Found a shimmering altar of Xom.
  1548 | D:3      | Found a shimmering blue altar of Sif Muna.
  2451 | D:3      | Found a runed translucent door.
  2451 | D:3      | Noticed caveywoolpert's ghost (amateur HOFi)
  2668 | D:3      | HP: 1/32 [caveywoolpert's ghost (3)]
  2670 | D:3      | Demolished by caveywoolpert's ghost

Illustrated notes

Levels and vault maps discovered:
D:1:      dpeg_arrival_long_road, layout_basic,
          dreamdust_ecumenical_altar_angels_and_demons
D:2:      layout_rooms, basic_altar, pf_guarded_unrand_woodcutter
D:3:      layout_loops_corners, gammafunk_temple_overflow_forgotten,
          hellmonk_ghost_happy_afterlife
D:4:      layout_cave_pods, kennysheep_mini_moat, serial_shops,
          nicolae_shop_trees

Skill      XL: |  1  2  3  4 |
---------------+-------------+-----
Necromancy     | 5 6 |  6.6
Spellcasting   | 3 |  3.5
Fighting       | |  0.3
Short Blades   | |  0.3
Dodging        | |  2.2
Stealth        | |  3.4

Action                   |  1- 3 |  4- 6 || total
-------------------------+-------+-------++-------
Melee: Dagger            |    31 |       ||    31
       Staff             |     2 |       ||     2
       Bite              |     3 |     1 ||     4
       Hand axe          |       |    14 ||    14
 Cast: Necrotise         |    54 |    46 ||   100
       Vampiric Draining |     4 |       ||     4
       Animate Dead      |       |     2 ||     2
 Abil: Exsanguinate      |     1 |       ||     1
       Revivify          |     1 |       ||     1
  Use: Scroll            |     1 |     1 ||     2
 Stab: Sleeping          |       |     1 ||     1
Armor: Robe              |     7 |     7 ||    14
Dodge: Dodged            |    14 |    13 ||    27
